 Dungeon Crawl Stone Soup version 0.30-a0-414-gcb316572d5 (webtiles) character file.

Game seed: 73361238584259547

781 lunkers the Slicer (level 8, 0/63 HPs)
             Began as a Meteoran Fighter on Dec 8, 2022.
             Was an Initiate of Gozag.
             Slain by Dowan
             ... wielding a +0 dagger
              (1 damage)
             ... on level 5 of the Dungeon.
             The game lasted 00:07:28 (1832 turns).

lunkers the Slicer (Meteoran Fighter)               Turns: 1832, Time: 00:07:29

Health: 0/63       AC:  9    Str: 19    XL:     8   Next: 32%
Magic:  9/9        EV:  9    Int: 10    God:    Gozag
Gold:   312        SH:  5    Dex: 14    Spells: 7/7 levels left

rFire   . . .      SeeInvis .    a - +1 rapier
rCold   . . .      Faith    .    c - +0 buckler
rNeg    . . .      Spirit   .    b - +0 scale mail
rPois   .          Reflect  .    (no helmet)
rElec   .          Harm     .    (no cloak)
rCorr   .          Rampage  .    e - +1 pair of gloves
Will    +....                    (no boots)
Stlth   ..........               (no amulet)
HPRegen 0.30/turn                (no ring)
MPRegen 0.11/turn                (no ring)

@: glowing
A: sense surroundings 1, otherworldly, glowing, explore regen
a: Renounce Religion, Potion Petition, Call Merchant, Bribe Branch


You were on level 5 of the Dungeon.
You worshipped Gozag.
Gozag was aware of your devotion.
You visited 1 branch of the dungeon, and saw 6 of its levels.

You collected 346 gold pieces.
You paid 34 gold pieces to Gozag.

Inventory:

Hand Weapons
 a - a +1 rapier (weapon)
Armour
 b - a +0 scale mail (worn)
 c - a +0 buckler (worn)
 e - a +1 pair of gloves (worn)
Scrolls
 f - 4 scrolls of identify
 j - a scroll of teleportation
Potions
 k - 4 potions of curing


   Skills:
 - Level 3.2 Fighting
 + Level 9.5 Short Blades
 - Level 3.6 Armour
 - Level 3.6 Shields


You had 7 spell levels left.
You didn't know any spells.
Your spell library was empty.

Dungeon Overview and Level Annotations

Branches:
Dungeon (6/15) Zot: 1798   Temple (0/1) D:5

Altars:
Dithmenos
Gozag
Trog

Annotations:
D:5 Dowan


Innate Abilities, Weirdness & Mutations

You passively map a small area around you.
You are easily found by Zot.
You glow in the dark.
You regain HP and MP as you explore.


Message History

Duvessa hits you but does no damage.
You hit Duvessa.
You kill Duvessa!
Dowan seems overcome with grief.
Dowan seems to find hidden reserves of power!
Items here: $ ))))) [[[.
You hit Dowan.
Dowan is lightly wounded.
You block Dowan's attack. Dowan hits you with a +0 dagger.
* * * LOW HITPOINT WARNING * * *
You feel better.
Dowan casts a spell.
Dowan blinks!
Dowan gestures wildly while chanting.
Dowan blinks!
Items here: $ ))))) [[[.
You now have 312 gold pieces (gained 14).
Dowan is distracted by your dazzling golden aura.
Dowan is no longer distracted by gold.
Dowan points at you and mumbles some strange words.
The shard of ice hits you!
* * * LOW HITPOINT WARNING * * *
You hit Dowan.
Dowan is moderately wounded.
Dowan completely misses you.
You barely miss Dowan.
Dowan is moderately wounded.
Dowan closely misses you.
You miss Dowan.
Dowan is moderately wounded.
Dowan barely misses you.
You miss Dowan.
Dowan is moderately wounded.
Dowan hits you with a +0 dagger.
* * * LOW HITPOINT WARNING * * *
You closely miss Dowan.
Dowan is moderately wounded.
Dowan hits you with a +0 dagger.
You die...
Your body crumbles into a pile of gold.

..................,*
#.........#
.........>........,*
##..........
#.................,*
#.........#.
###...............**
#.......###.
##..............*
##.....###... **
###...........#*
#....#....... ,**
##..........####......##..>.
..##*
###..#######..........#....
....##
##..####@e.#........##...
.....#
#..#.).####.........#.##
.....## ##..<###
#.........#.#. ......#
##.### ##............
......####..# ###.......#..
....e......## ###........
..........## ####.....
..........# ###...
......###.# ##.#


You could see Dowan (fast).

Vanquished Creatures
  Duvessa (D:5)
  A black bear (D:4)
  A phantom (D:4)
  A necrophage (D:5)
  A bullfrog (D:5)
  3 orc priests
  A hound (D:5)
  A jelly (D:5)
  3 orc wizards
  8 adders
  A shadow imp (D:5)
  An ufetubus (D:5)
  A worm (D:3)
  A dart slug (D:5)
  10 orcs
  10 ball pythons
  4 endoplasms
  A giant cockroach (D:3)
  3 goblins
  2 hobgoblins (D:3)
  2 jackals (D:3)
  3 kobolds
  2 quokkas (D:2)
  3 bats (D:3)
  3 frilled lizards
  2 rats (D:1)
70 creatures vanquished.

Vanquished Creatures (others)
  An orc wizard (D:4)
1 creature vanquished.

Grand Total: 71 creatures vanquished

Notes
Turn   | Place    | Note
-------+----------+-------------------------------------------
     0 | D:1      | lunkers the Meteoran Fighter began the quest for the Orb.
     0 | D:1      | Reached XP level 1. HP: 19/19 MP: 2/2
   104 | D:1      | Reached XP level 2. HP: 26/26 MP: 3/3
   140 | D:1      | Reached skill level 3 in Short Blades
   200 | D:2      | Reached XP level 3. HP: 17/31 MP: 4/4
   352 | D:3      | Reached skill level 4 in Short Blades
   389 | D:3      | Reached XP level 4. HP: 33/38 MP: 5/5
   755 | D:3      | Found a shadowy altar of Dithmenos.
   758 | D:3      | Found an opulent altar of Gozag.
   764 | D:3      | Reached skill level 5 in Short Blades
   764 | D:3      | Reached XP level 5. HP: 30/45 MP: 6/6
   792 | D:3      | Found a bloodstained altar of Trog.
   796 | D:3      | Became a worshipper of Gozag Ym Sagoz the Greedy
  1097 | D:4      | Reached skill level 6 in Short Blades
  1101 | D:4      | Reached XP level 6. HP: 23/51 MP: 7/7
  1130 | D:4      | Noticed a black bear
  1146 | D:4      | Killed a black bear
  1147 | D:4      | Reached skill level 7 in Short Blades
  1147 | D:4      | Reached XP level 7. HP: 29/57 MP: 8/8
  1240 | D:4      | Reached skill level 8 in Short Blades
  1281 | D:5      | Entered Level 5 of the Dungeon
  1348 | D:5      | Found a staircase to the Ecumenical Temple.
  1572 | D:5      | Reached XP level 8. HP: 51/63 MP: 9/9
  1575 | D:5      | Reached skill level 9 in Short Blades
  1770 | D:5      | Noticed Duvessa
  1794 | D:5      | Noticed Dowan
  1819 | D:5      | Killed Duvessa
  1827 | D:5      | HP: 2/63 [Dowan/shard of ice (11)]
  1832 | D:5      | Slain by Dowan

Illustrated notes

Levels and vault maps discovered:
D:1:      ncdulo_lavacross, layout_basic
D:2:      layout_basic, hellmonk_ecumenical_altar_slurped_away
D:3:      layout_basic, grunt_temple_overflow_open
D:4:      layout_loops_ring
D:5:      layout_cave_pods, minmay_temple_entry_slanted, uniq_grinder,
          uniq_duvessa
D:6:      layout_cave_pools, lemuel_tele_altar, gammafunk_ghost_necromancy,
          nicolae_shop_gadgets, uniq_eustachio

Skill      XL: |  1  2  3  4  5  6  7  8 |
---------------+-------------------------+-----
Short Blades   | 3 4 5 6 7 8 9 |  9.5
Fighting       | |  3.2
Armour         | |  3.6
Shields        | |  3.6

Action                   |  1- 3 |  4- 6 |  7- 9 || total
-------------------------+-------+-------+-------++-------
Melee: Rapier            |    70 |   144 |   169 ||   383
  Use: Potion            |       |     1 |     1 ||     2
       Scroll            |       |       |    10 ||    10
Armor: Scale mail        |    35 |    54 |    68 ||   157
Dodge: Dodged            |    23 |    32 |    53 ||   108
Block: Buckler           |    22 |    27 |    29 ||    78

Table legend: (Time is in decaauts)
 A = Elapsed time spent in this place.
 B = Non-inter-level travel time spent in this place.
 C = Inter-level travel time spent in this place.
 D = Time resting spent in this place.
 E = Time spent auto-exploring this place.
 F = Levels seen in this place.
 G = Mean time per level.
                   A        B        C        D        E       F      G
               +--------+--------+--------+--------+--------+-----+--------+
         Total |   1800 |   1701 |     99 |      0 |   1000 |   6 |  300.0 |
       Dungeon |   1800 |   1701 |     99 |      0 |   1000 |   6 |  300.0 |
               +--------+--------+--------+--------+--------+-----+--------+

Top non-repeatable levels by time:
     D:3: 720 daAuts
     D:5: 521 daAuts
     D:4: 227 daAuts
     D:2: 170 daAuts
     D:1: 156 daAuts
     D:6: 3 daAuts
